 Dungeon Crawl Stone Soup version 0.24-a0-27-gca774cb5d5 (webtiles) character file.

Game seed: 16336303274676476632

181740 LLavrengius the Warrior (level 17, -8/231 HPs)
             Began as an Octopode Transmuter on Feb 2, 2019.
             Was an Initiate of Gozag.
             Shot with an arrow by a naga sharpshooter (10 damage)
             ... led by Vashnia
             ... on level 2 of the Snake Pit.
             The game lasted 03:20:13 (37385 turns).

LLavrengius the Warrior (Octopode Transmuter)      Turns: 37385, Time: 03:20:13

Health: -8/231     AC: 20    Str: 19    XL:     17   Next: 95%
Magic:  24/33      EV: 29    Int: 29    God:    Gozag
Gold:   434        SH:  0    Dex: 16    Spells: 1/40 levels left

rFire    x . .     SeeInvis .     - Unarmed
rCold    + + +     Gourm    .   (shield currently unavailable)
rNeg     . . .     Faith    .   (helmet currently unavailable)
rPois    +         Spirit   .   H - amulet of Mayriats {Regen+ Str+4 Dex+4}
rElec    .         Reflect  .   w - ring of Phasing {EV+8}
rCorr    .         Harm     .   h - +5 ring of protection
MR       +....                  l - +2 ring of protection
Stlth    ..........             U - ring of Miunt {rPois Int+2}
HPRegen  0.88/turn              O - ring of Ymmoappi {rC+ EV+2 Int+2}
MPRegen  0.23/turn              Q - +3 ring of intelligence
                                R - +5 ring of protection
                                b - ring of flight

@: berserking (expiring), ice-form, gold aura, flying, very slightly
contaminated, hasted, glowing, very quick
A: large, almost no armour, stealthy swim, amphibious, 8 rings, (constrict 8)
}: 1/15 runes: decaying
a: End Transformation, Potion Petition, Call Merchant, Bribe Branch, Renounce
Religion


You were on level 2 of the Snake Pit.
You worshipped Gozag.
Gozag was aware of your devotion.
You were not hungry.
You were a creature of crystalline ice.
You visited 5 branches of the dungeon, and saw 29 of its levels.
You also visited: Gauntlet and Ice Cave.

You collected 12063 gold pieces.
You spent 7406 gold pieces at shops.
You paid 4223 gold pieces to Gozag.

Inventory:

Hand Weapons
 p - a +4 spear
Missiles
 a - 633 arrows
Armour
 P - a +2 hat (melded)
Jewellery
 b - a ring of flight (on tentacle)
 h - a +5 ring of protection (right front paw)
 i - an uncursed ring of see invisible
 l - a +2 ring of protection (on tentacle)
 w - the ring of Phasing (left front paw) {EV+8}
   (You bought it in a shop on level 8 of the Dungeon)

   [ring of evasion]

   It affects your evasion (+8).
 H - the amulet of Mayriats (around neck) {Regen+ Str+4 Dex+4}
   (You bought it in a shop on level 10 of the Dungeon)

   [amulet of regeneration]

   It affects your strength (+4).
   It affects your dexterity (+4).
   It increases your rate of regeneration.
 L - an uncursed ring of positive energy
 O - the ring of Ymmoappi (on tentacle) {rC+ EV+2 Int+2}
   (You bought it in a shop on level 10 of the Dungeon)

   [ring of evasion]

   It affects your evasion (+2).
   It affects your intelligence (+2).
   It protects you from cold.
 Q - a +3 ring of intelligence (on tentacle)
 R - a +5 ring of protection (on tentacle)
 S - the ring "Jidoh" {*Contam rPois rC++ MR+ Str+3}
   (You acquired it on level 2 of the Lair of Beasts)

   [ring of protection from magic]

   It affects your strength (+3).
   It greatly protects you from cold.
   It protects you from poison.
   It affects your resistance to hostile enchantments.
   It causes magical contamination when unequipped.
 T - an uncursed ring of protection from fire
 U - the ring of Miunt (on tentacle) {rPois Int+2}
   (You bought it in a shop on level 4 of the Dungeon)

   [ring of poison resistance]

   It affects your intelligence (+2).
   It protects you from poison.
Wands
 r - a wand of polymorph (6)
 D - a wand of flame (30)
 G - a wand of iceblast (32)
 K - a wand of digging (11)
 N - a wand of acid (12)
 W - a wand of clouds (4)
Scrolls
 d - 2 scrolls of teleportation
 g - 6 scrolls of magic mapping
 j - a scroll of fog
 m - 4 scrolls of amnesia
 n - 5 scrolls of fear
 x - 4 scrolls of blinking
 y - 11 scrolls of remove curse
 E - 3 scrolls of immolation
 F - 8 scrolls of identify
 M - a scroll of enchant armour
 Z - 3 scrolls of vulnerability
Potions
 e - 3 potions of magic
 f - 9 potions of cancellation
 k - 5 potions of ambrosia
 o - 11 potions of lignification
 s - 4 potions of might
 u - 15 potions of curing
 v - 6 potions of flight
 z - 3 potions of mutation
 A - a potion of berserk rage
 B - 2 potions of haste
 C - a potion of resistance
 I - 5 potions of agility
 J - 3 potions of brilliance
 X - a potion of heal wounds
Miscellaneous
 q - a phial of floods
 t - a lamp of fire
 V - 2 phantom mirrors
 Y - a lightning rod (4/4)
Comestibles
 c - 16 rations


   Skills:
 + Level 16.0 Fighting
 + Level 12.8 Dodging
 + Level 15.0 Unarmed Combat
 - Level 12.0 Spellcasting
 - Level 6.0 Hexes
 - Level 6.0 Summonings
 - Level 9.0 Transmutations
 - Level 3.0 Ice Magic
 - Level 4.0 Air Magic
 - Level 6.3 Poison Magic
 + Level 3.3 Evocations


You had one spell level left.
You knew the following spells:

 Your Spells              Type           Power        Failure   Level  Hunger
a - Confusing Touch       Hex            ######       1%          1    None
b - Sticks to Snakes      Tmut           ######..     1%          2    None
c - Spider Form           Tmut/Pois      ######....   1%          3    None
d - Poisonous Vapours     Pois/Air       #####.       1%          2    None
e - Mephitic Cloud        Conj/Pois/Air  #####...     2%          3    None
f - Olgreb's Toxic Radia  Pois           ######..     2%          4    None
g - Ice Form              Ice/Tmut       ######..     2%          4    None
h - Blade Hands           Tmut           ######....   1%          5    ##.....
i - Apportation           Tloc           ###...       3%          1    None
j - Yara's Violent Unrav  Hex/Tmut       ######....   3%          5    ##.....
k - Summon Lightning Spi  Summ/Air       #####...     3%          4    None
l - Summon Mana Viper     Hex/Summ       ######..     7%          5    ##.....

Your spell library contained the following spells:

 Spells                   Type           Power        Failure   Level  Hunger
 Beastly Appendage        Tmut           ######       1%          1    None
 Corona                   Hex            ######.      1%          1    None
 Shock                    Conj/Air       ####         1%          1    None
 Summon Butterflies       Summ           ######..     1%          1    None
 Summon Small Mammal      Summ           ####         1%          1    None
 Animate Skeleton         Necr           N/A          3%          1    None
 Magic Dart               Conj           ###.         3%          1    None
 Call Imp                 Summ           ######..     1%          2    None
 Ensorcelled Hibernation  Hex/Ice        #####.       1%          2    None
 Swiftness                Chrm/Air       ####....     1%          2    None
 Call Canine Familiar     Summ           ######..     1%          3    None
 Confuse                  Hex            ######..     1%          3    None
 Summon Guardian Golem    Hex/Summ       ######..     1%          3    None
 Tukima's Dance           Hex            ######..     1%          3    None
 Dazzling Spray           Conj/Hex       ####..       2%          3    None
 Recall                   Summ/Tloc      N/A          2%          3    None
 Cause Fear               Hex            ######....   2%          4    None
 Searing Ray              Conj           ###...       4%          2    None
 Static Discharge         Conj/Air       ####....     4%          3    None
 Petrify                  Tmut/Erth      #####...     4%          4    None
 Summon Ice Beast         Ice/Summ       #####...     4%          4    None
 Airstrike                Air            #####.....   6%          4    None
 Gell's Gravitas          Tloc           ###.......   9%          3    None
 Fulminant Prism          Conj/Hex       ####......   9%          4    None
 Silence                  Hex/Air        #####.....   11%         5    ##.....
 Metabolic Englaciation   Hex/Ice        #####.....   13%         5    ##.....
 Animate Dead             Necr           N/A          30%         4    None
 Force Lance              Conj/Tloc      ###.....     30%         4    None
 Iskenderun's Mystic Bla  Conj           ###.....     30%         4    None
 Lightning Bolt           Conj/Air       ####......   36%         5    ##.....
 Borgnjor's Vile Clutch   Necr/Erth      ###.......   63%         5    ##.....
 Ozocubu's Refrigeration  Ice            #####.....   80%         6    #####..
 Freezing Cloud           Conj/Ice/Air   ####......   87%         6    #####..
 Deflect Missiles         Chrm/Air       ####......   90%         6    #####..
 Summon Hydra             Summ           ######....   91%         7    ######.
 Bolt of Cold             Conj/Ice       ####......   94%         6    #####..
 Simulacrum               Ice/Necr       ####......   94%         6    #####..
 Death Channel            Necr           ###.......   99%         6    #####..
 Discord                  Hex            ######....   100%        8    #######
 Tornado                  Air            #####.....   100%        9    #######


Dungeon Overview and Level Annotations

Branches:
Dungeon (15/15)            Temple (0/1) D:6            Lair (6/6) D:11
  Swamp (4/4) Lair:4        Snake (2/4) Lair:2        Slime (0/5) Lair:5
    Orc (2/2) D:10            Elf (0/3) Orc:2        Vaults (0/5) D:13
 Depths (0/5) D:15

Altars:
Ashenzari
Cheibriados
Elyvilon
Fedhas
Gozag
Hepliaklqana
Kikubaaqudgha
Nemelex Xobeh
Okawaru
Ru
Sif Muna
Trog
Vehumet
Wu Jian
Xom
Yredelemnul
Beogh
Jiyva

Shops:
D:4 *   D:5 ?   D:6 !   D:8 =   D:10 =%*   Orc:2 ?}[((   Snake:1 ***%

Portals:
Bazaar: D:13
Trove: D:12 (give 14 scrolls of teleportation)

Annotations:
D:6 exclusion: oklob plant, Dowan
D:14 exclusion: Roxanne, Roxanne
Lair:1 1 runed translucent door, Pozxeom's ghost, journeyman GnSk
Lair:2 exclusion: oklob plant
Lair:4 exclusion: oklob plant
Snake:2 Vashnia


Innate Abilities, Weirdness & Mutations

You cannot wear most types of armour.
You are very stealthy in the water. (Stealth+)
You are amphibious.
You can wear up to eight rings at the same time.
((You can use your tentacles to constrict eight enemies at once.))
((Your skin changes colour to match your surroundings (Stealth+).))
((Your rubbery body absorbs attacks. (AC +1, EV +1)))


Message History

* * * LOW HITPOINT WARNING * * *
Your adder barely misses the naga sharpshooter.
The naga sharpshooter spits poison at you.
The splash of poison misses you.
You pummel Vashnia!! You freeze Vashnia.
Vashnia is severely wounded.
Vashnia takes aim.
Vashnia shoots an arrow.
The arrow hits you!!
* * * LOW HITPOINT WARNING * * *
Your adder bites the naga sharpshooter.
Unknown command.
You are too berserk!
Unknown command.
You closely miss Vashnia.
Vashnia is severely wounded.
The naga sharpshooter shoots an arrow.
The arrow misses you.
Your adder bites the naga sharpshooter but does no damage.
The naga sharpshooter shoots an arrow.
The arrow hits you!
You die...
Your body crumbles into a pile of gold.

################
................
.......(S.......
......NNS.......
.....NNY8.......
##+#####(###...
###$### #.....#
#.....# #.....#
#.....# ##....#
#....#


You could see Vashnia, 3 naga sharpshooters, a friendly lightning spire and 2
friendly adders.

Vanquished Creatures
  Frances (D:14)
  2 thorn hunters (Swamp:3)
  Gastronok (D:8)
  Agnes (D:15)
  A nagaraja (Snake:1)
  An azure jelly (Swamp:4)
  An orc warlord (Orc:2)
  A reaper (IceCv)
  Nessos (D:14)
  A minotaur (Gauntlet)
  Azrael (Orc:2)
  Josephine (Swamp:1)
  Snorg (D:14)
  A centaur warrior (D:14)
  16 hydras
  4 ice dragons
  9 anacondas
  A shambling mangrove (Swamp:2)
  A ghost crab (Swamp:4)
  8 naga warriors
  15 alligators
  2 tengu warriors
  8 two-headed ogres
  Urug (D:10)
  5 naga sharpshooters
  A shock serpent (shapeshifter) (D:15)
  2 shock serpents (Snake:1)
  3 orc high priests
  A deep troll (D:10)
  5 skeletal warriors
  2 spriggan druids (Swamp:4)
  A salamander mystic (Snake:1)
  2 wizards
  2 naga ritualists (Snake:1)
  A glowing orange brain (D:15)
  2 swamp dragons (Swamp:3)
  A lindwurm (Lair:6)
  A glowing orange brain (shapeshifter) (D:13)
  A deep elf archer (Orc:1)
  3 deep elf magi (Orc:1)
  2 wolf spider zombies (D:15)
  3 mana vipers (Snake:1)
  3 orc knights
  11 ugly things
  3 orc sorcerers
  A salamander (Snake:2)
  4 cyclopes
  Maurice (D:13)
  4 elephants (Lair:3)
  2 guardian serpents (Snake:1)
  5 torpor snails (Lair:6)
  13 naga magi
  30 black mambas
  12 spiny frogs
  A minotaur zombie (Gauntlet)
  3 gargoyles
  A molten gargoyle (Lair:6)
  A kobold demonologist (D:11)
  3 rime drakes
  5 komodo dragons
  5 freezing wraiths
  A tengu conjurer (D:13)
  10 ice devils (IceCv)
  5 trolls
  3 meliai (D:14)
  A queen bee (Gauntlet)
  12 tyrant leeches
  15 hornets
  9 hippogriffs
  5 bog bodies
  5 dream sheep (Lair:3)
  9 slime creatures
  4 blink frogs (Lair:6)
  A meliai zombie (D:14)
  3 shadows
  2 spriggans (Swamp:4)
  A tarantella (shapeshifter) (D:13)
  A centaur simulacrum (D:15)
  A wyvern (D:13)
  5 fire elementals
  8 wraiths
  3 vampires
  4 hogs (D:8)
  19 yaks
  8 basilisks
  A basilisk (shapeshifter) (D:15)
  A human (D:8)
  9 vampire mosquitoes
  2 steam dragons
  2 hungry ghosts
  6 swamp worm simulacra (Swamp:4)
  27 nagas
  12 swamp worms
  14 insubstantial wisps
  4 acid dragons
  14 hydra simulacra (Swamp:4)
  3 wargs (Orc:1)
  2 hell hounds (Orc:2)
  16 water moccasins
  8 porcupines
  37 orc warriors
  Duvessa (D:6)
  8 swamp drakes
  2 eyes of draining
  6 sky beasts
  A black bear (Lair:3)
  7 ice beasts
  11 ogres
  9 wolves
  3 phantoms
  16 centaurs
  12 crocodiles
  2 big kobolds
  14 bullfrogs
  A gnoll sergeant (D:7)
  A wyvern zombie (D:10)
  4 scorpions
  A wyvern skeleton (D:13)
  10 killer bees
  6 wights
  6 howler monkeys
  11 crimson imps
  A bullfrog zombie (D:13)
  A quasit (D:10)
  4 hounds
  6 jellies
  27 orc priests
  3 bullfrog skeletons
  23 orc wizards
  5 centaur skeletons
  4 iguanas
  7 worker ants
  A killer bee zombie (D:6)
  A hound zombie (D:6)
  A hound skeleton (D:5)
  2 worker ant zombies
  5 adders
  4 gnolls (D:7)
  A howler monkey skeleton (D:11)
  2 shadow imps
  11 white imps
  6 ufetubi (IceCv)
  14 oozes
  2 swamp drake simulacra (Swamp:4)
  4 adder zombies
  An adder skeleton (D:9)
  2 worms
  3 leopard geckos
  95 orcs
  5 ball pythons
  7 giant cockroaches
  9 goblins
  9 hobgoblins
  8 jackals
  19 kobolds
  A quokka (D:3)
  8 bats
  8 frilled lizards
  A jackal zombie (D:6)
  A leopard gecko zombie (D:6)
  A quokka skeleton (D:5)
  A quokka zombie (D:5)
  6 rats
  A bush (Lair:5)
  A fungus (Lair:4)
  4 plants
977 creatures vanquished.

Vanquished Creatures (collateral kills)
  An orc warlord (Orc:1)
  Louise (Snake:2)
  A naga warrior (Snake:2)
  A hydra (Swamp:2)
  A catoblepas (Lair:6)
  A mana viper (Snake:2)
  A naga mage (Snake:2)
  Sigmund (D:2)
  A naga (Snake:2)
  A water moccasin (Lair:6)
  An ufetubus (IceCv)
11 creatures vanquished.

Vanquished Creatures (others)
  5 dream sheep (D:7)
  2 white imps (IceCv)
  An orc (Orc:2)
  14 fungi
  18 plants
40 creatures vanquished.

Grand Total: 1028 creatures vanquished

Notes
Turn   | Place    | Note
-------+----------+-------------------------------------------
     0 | D:1      | LLavrengius the Octopode Transmuter began the quest for the
                  | Orb.
     0 | D:1      | Reached XP level 1. HP: 13/13 MP: 3/3
    62 | D:1      | Reached XP level 2. HP: 17/18 MP: 5/5
   659 | D:2      | Noticed an ogre
   701 | D:1      | Learned a level 2 spell: Sticks to Snakes
   732 | D:2      | Reached XP level 3. HP: 23/23 MP: 6/6
   770 | D:2      | Noticed Sigmund
   785 | D:2      | Killed Sigmund
   785 | D:2      | Reached XP level 4. HP: 12/28 MP: 1/8
  1051 | D:2      | Learned a level 3 spell: Spider Form
  1117 | D:2      | Found an opulent altar of Gozag.
  1142 | D:2      | Became a worshipper of Gozag Ym Sagoz the Greedy
  1191 | D:2      | Found an iron altar of Okawaru.
  1277 | D:2      | Reached XP level 5. HP: 33/33 MP: 9/9
  1902 | D:3      | Reached skill level 1 in Poison Magic
  2328 | D:3      | Found a sparkling altar of Nemelex Xobeh.
  2693 | D:4      | Reached XP level 6. HP: 38/38 MP: 11/11
  2699 | D:4      | Found a transporter.
  2702 | D:4      | Found a transporter.
  3100 | D:4      | Found a snail-covered altar of Cheibriados.
  3337 | D:4      | Found Ofeor's Serpentskin Sales.
  3337 | D:4      | Noticed a water moccasin
  3337 | D:4      | Noticed a water moccasin
  3362 | D:4      | Found a deep blue altar of Sif Muna.
  3451 | D:4      | Reached skill level 2 in Fighting
  3451 | D:4      | Reached XP level 7. HP: 45/45 MP: 10/13
  3562 | D:5      | Entered Level 5 of the Dungeon
  3878 | D:4      | Reached skill level 3 in Fighting
  4036 | D:5      | Reached skill level 5 in Spellcasting
  4036 | D:5      | Reached XP level 8. HP: 44/53 MP: 15/15
  4085 | D:5      | Found Fillucwu's Magic Scroll Shop.
  4104 | D:5      | Bought a scroll of blinking for 105 gold pieces
  4350 | D:5      | Reached skill level 4 in Fighting
  4468 | D:5      | Found a shattered altar of Ashenzari.
  4814 | D:6      | Noticed Dowan
  4815 | D:6      | Noticed Duvessa
  4960 | D:6      | Reached skill level 5 in Unarmed Combat
  4979 | D:6      | Found an ornate altar of the Wu Jian Council.
  5102 | D:6      | Found a bloodstained altar of Trog.
  5376 | D:6      | Found a staircase to the Ecumenical Temple.
  5385 | D:6      | Found Bolaahug's Distillery.
  5393 | D:6      | Bought a potion of invisibility for 88 gold pieces
  5393 | D:6      | Bought a potion of agility for 44 gold pieces
  5393 | D:6      | Bought a potion of berserk rage for 55 gold pieces
  5393 | D:6      | Bought a potion of brilliance for 44 gold pieces
  5393 | D:6      | Bought a potion of lignification for 33 gold pieces
  5470 | D:6      | Found a white marble altar of Elyvilon.
  5650 | D:6      | Noticed an oklob plant
  5669 | D:6      | Reached skill level 5 in Fighting
  6226 | D:6      | Killed Duvessa
  6226 | D:6      | Reached XP level 9. HP: 46/61 MP: 18/18
  7358 | D:7      | Found a sacrificial altar of Ru.
  7673 | D:7      | Found a shimmering altar of Xom.
  7947 | D:8      | Reached skill level 6 in Fighting
  7991 | D:8      | Noticed Gastronok
  8036 | D:8      | Killed Gastronok
  8036 | D:8      | Reached skill level 7 in Fighting
  8036 | D:8      | Reached skill level 5 in Dodging
  8036 | D:8      | Reached XP level 10. HP: 60/71 MP: 21/21
  8218 | D:8      | Found an ancient bone altar of Kikubaaqudgha.
  8303 | D:8      | Found Olaqage's Jewellery Shoppe.
  8320 | D:8      | Bought a +3 ring of intelligence for 172 gold pieces
  8320 | D:8      | Bought a +5 ring of protection for 605 gold pieces
  8322 | D:8      | Bought a +3 ring of strength for 172 gold pieces
  8395 | D:8      | Found a hazy altar of Hepliaklqana.
  9307 | D:9      | Noticed a two-headed ogre
  9325 | D:9      | Killed a two-headed ogre
  9325 | D:9      | Reached skill level 8 in Fighting
  9357 | D:9      | Reached XP level 11. HP: 77/77 MP: 23/23
 10333 | D:4      | Bought the ring of Miunt {rPois Int+2} for 343 gold pieces
 11208 | D:4      | Bought the Volume of Poor Excuses for 480 gold pieces
 11211 | D:4      | Learned a level 2 spell: Poisonous Vapours
 11215 | D:4      | Learned a level 3 spell: Mephitic Cloud
 11220 | D:4      | Learned a level 4 spell: Olgreb's Toxic Radiance
 11329 | D:10     | Entered Level 10 of the Dungeon
 11371 | D:10     | Found a staircase to the Orcish Mines.
 11762 | D:9      | Reached skill level 5 in Poison Magic
 12121 | D:10     | Noticed a two-headed ogre
 12159 | D:10     | Killed a two-headed ogre
 12256 | D:10     | Noticed a deep troll
 12256 | D:10     | Noticed a wizard
 12256 | D:10     | Noticed a two-headed ogre
 12256 | D:10     | Noticed a cyclops
 12284 | D:10     | Killed a cyclops
 12366 | D:10     | Killed a two-headed ogre
 12366 | D:10     | Reached skill level 9 in Fighting
 12931 | D:10     | Killed a wizard
 12955 | D:10     | Killed a deep troll
 12955 | D:10     | Reached XP level 12. HP: 81/85 MP: 11/25
 13196 | D:10     | Noticed Urug
 13428 | D:10     | Killed Urug
 13689 | D:11     | Found a frozen archway.
 13707 | IceCv    | Entered an ice cave
 14076 | IceCv    | Reached skill level 10 in Unarmed Combat
 14306 | IceCv    | Noticed a reaper
 14342 | IceCv    | Killed a reaper
 14378 | IceCv    | Got an ancient demon blade
 16317 | D:11     | Reached skill level 5 in Transmutations
 16652 | D:11     | Found a staircase to the Lair.
 16965 | D:12     | Noticed a two-headed ogre
 16975 | D:12     | Killed a two-headed ogre
 17123 | D:12     | HP: 6/130 [steam dragon] (6)]
 17543 | D:12     | Identified Kiciruov's Handbook of Snow and Weightlessness
 17784 | D:12     | Found a portal to a secret trove of treasure.
 18018 | Lair:1   | Entered Level 1 of the Lair of Beasts
 18018 | Lair:1   | Found a runed translucent door.
 18018 | Lair:1   | Noticed Pozxeom's ghost (journeyman GnSk)
 18019 | Lair:1   | Noticed a spriggan rider
 18022 | Lair:1   | Identified the +2 spear of the Ring {pierce, rF+ MR+}
 18302 | Lair:1   | Reached skill level 10 in Fighting
 18429 | Lair:1   | Reached skill level 10 in Spellcasting
 18432 | Lair:1   | Learned a level 1 spell: Confusing Touch
 18437 | Lair:1   | Learned a level 4 spell: Ice Form
 18443 | Lair:1   | Learned a level 5 spell: Blade Hands
 18784 | Lair:1   | Reached XP level 13. HP: 92/92 MP: 22/27
 19036 | Lair:2   | Reached skill level 1 in Ice Magic
 19057 | Lair:2   | Found a staircase to the Snake Pit.
 19330 | Lair:2   | Found a snail-covered altar of Cheibriados.
 20798 | D:8      | Bought the ring of Phasing {EV+8} for 1408 gold pieces
 20798 | D:8      | Bought an uncursed ring of protection from fire for 275
                  | gold pieces
 20798 | D:8      | Found the ring of Phasing {EV+8}
 20969 | Lair:3   | Learned a level 1 spell: Apportation
 21650 | Lair:4   | Found a staircase to the Swamp.
 21761 | Lair:4   | Reached skill level 1 in Hexes
 22282 | Lair:4   | Found a blossoming altar of Fedhas.
 22965 | Lair:5   | Found a staircase to the Slime Pits.
 22965 | Lair:5   | Found a viscous altar of Jiyva.
 23662 | Lair:6   | Entered Level 6 of the Lair of Beasts
 23728 | Lair:6   | Reached skill level 10 in Dodging
 23762 | Lair:6   | Found a gate leading to a gauntlet.
 23768 | Gauntlet | Entered a Gauntlet
 23768 | Gauntlet | Found a transporter.
 23768 | Gauntlet | Found a transporter.
 23856 | Gauntlet | Found a transporter.
 23857 | Gauntlet | Found a transporter.
 23860 | Gauntlet | Found a transporter.
 23867 | Gauntlet | Noticed an entropy weaver
 23871 | Gauntlet | Found a transporter.
 23874 | Gauntlet | Found a transporter.
 23941 | Gauntlet | Found a transporter.
 23951 | Gauntlet | Found a transporter.
 23966 | Gauntlet | Found a transporter.
 23981 | Gauntlet | Found a transporter.
 23991 | Gauntlet | Found a transporter.
 24067 | Gauntlet | Found the +2 Maxwell's thermic engine {flame, freeze}
 24306 | Gauntlet | Reached XP level 14. HP: 96/99 MP: 21/28
 24456 | Lair:6   | Learned a level 5 spell: Yara's Violent Unravelling
 24469 | Lair:6   | Reached skill level 11 in Fighting
 24879 | Lair:6   | Found a runed translucent door.
 25721 | Orc:1    | Entered Level 1 of the Orcish Mines
 25876 | Orc:1    | Found a roughly hewn altar of Beogh.
 25924 | Orc:1    | You fall through a shaft!
 25924 | Orc:2    | Entered Level 2 of the Orcish Mines
 26359 | Orc:1    | Identified the +1 chain mail of Compression {Dex+2}
 26360 | Orc:1    | Noticed an orc warlord
 26391 | Orc:1    | HP: 5/102 [orc warlord/+2 long sword of electrocution (12)]
 26403 | Orc:1    | HP: 5/102 [orc warlord/+2 long sword of electrocution (8)]
 26411 | Orc:1    | Killed an orc warlord
 26705 | Orc:2    | Reached skill level 12 in Fighting
 26705 | Orc:2    | Reached XP level 15. HP: 108/108 MP: 20/29
 26712 | Orc:2    | Found a roughly hewn altar of Beogh.
 26864 | Orc:2    | Found Nuig's Gadget Shop.
 26925 | Orc:2    | Found a staircase to the Elven Halls.
 27040 | Orc:2    | Found Josm's Magic Scroll Shoppe.
 27122 | Orc:2    | Found a roughly hewn altar of Beogh.
 27147 | Orc:2    | Found a roughly hewn altar of Beogh.
 27391 | Orc:2    | Found a roughly hewn altar of Beogh.
 27498 | Orc:2    | Found a roughly hewn altar of Beogh.
 27567 | Orc:2    | Found a roughly hewn altar of Beogh.
 27568 | Orc:2    | Found Joce's Weapon Emporium.
 27603 | Orc:2    | Noticed Azrael
 27610 | Orc:2    | Reached skill level 1 in Evocations
 27622 | Orc:2    | Killed Azrael
 27716 | Orc:2    | Found a roughly hewn altar of Beogh.
 27782 | Orc:2    | Noticed an orc warlord
 27805 | Orc:2    | Killed an orc warlord
 27894 | Orc:2    | Found Atoadwops's Antique Weapon Boutique.
 27903 | Orc:2    | Found Derchep's Antique Armour Shop.
 27903 | Orc:2    | Found a roughly hewn altar of Beogh.
 28012 | Orc:2    | Bought a scroll of acquirement for 676 gold pieces
 28115 | D:10     | Bought an uncursed amulet of guardian spirit for 450 gold
                  | pieces
 28115 | D:10     | Bought an uncursed ring of protection from cold for 375
                  | gold pieces
 28527 | D:13     | Learned a level 4 spell: Summon Lightning Spire
 28567 | D:13     | Found a gateway to a bazaar.
 28621 | D:13     | Noticed Maurice
 28670 | D:13     | Killed Maurice
 28893 | D:13     | Found a radiant altar of Vehumet.
 29087 | D:13     | Found a gate to the Vaults.
 29366 | D:14     | Noticed Frances
 29384 | D:14     | Killed Frances
 29578 | D:14     | Noticed Roxanne
 29623 | D:14     | Reached skill level 15 in Unarmed Combat
 29636 | D:14     | Noticed Nessos
 29654 | D:14     | Killed Nessos
 30068 | D:14     | Noticed Snorg
 30098 | D:14     | Killed Snorg
 30404 | D:10     | Bought the amulet of Mayriats {Regen+ Str+4 Dex+4} for 807
                  | gold pieces
 30404 | D:10     | Bought the ring of Ymmoappi {rC+ EV+2 Int+2} for 423 gold
                  | pieces
 30492 | D:15     | Entered Level 15 of the Dungeon
 30575 | D:15     | Reached skill level 13 in Fighting
 30645 | D:15     | Reached skill level 1 in Summonings
 30645 | D:15     | Reached skill level 1 in Air Magic
 30675 | D:15     | Noticed Agnes
 30708 | D:15     | Killed Agnes
 30716 | D:15     | Reached XP level 16. HP: 54/117 MP: 10/30
 30971 | D:15     | Found a basalt altar of Yredelemnul.
 31314 | D:15     | Found a staircase to the Depths.
 31624 | Swamp:1  | Entered Level 1 of the Swamp
 31987 | Swamp:1  | Noticed Josephine
 31995 | Swamp:1  | Killed Josephine
 33291 | Swamp:3  | Reached skill level 14 in Fighting
 33322 | Swamp:3  | Noticed a thorn hunter
 33338 | Swamp:3  | Killed a thorn hunter
 33777 | Swamp:3  | Noticed a thorn hunter
 33788 | Swamp:3  | Killed a thorn hunter
 33898 | Swamp:4  | Entered Level 4 of the Swamp
 34214 | Swamp:4  | Noticed an azure jelly
 34227 | Swamp:4  | Killed an azure jelly
 34346 | Swamp:4  | Reached XP level 17. HP: 126/126 MP: 32/32
 34875 | Swamp:4  | Reached skill level 15 in Fighting
 34907 | Swamp:4  | Got a decaying rune of Zot
 35080 | Snake:1  | Entered Level 1 of the Snake Pit
 35235 | Snake:1  | Learned a level 5 spell: Summon Mana Viper
 35728 | Lair:2   | Got a heavily runed pewter ring
 35729 | Lair:2   | Identified the ring "Jidoh" {*Contam rPois rC++ MR+ Str+3}
                  | (You acquired it on level 2 of the Lair of Beasts)
 35855 | Snake:1  | Reached skill level 5 in Hexes
 35855 | Snake:1  | Reached skill level 5 in Summonings
 35877 | Snake:1  | Found Heppop's General Store.
 35877 | Snake:1  | Found Nailab's General Store.
 35882 | Snake:1  | Found Qielun's General Store.
 36215 | Snake:1  | Bought a cursed amulet of inaccuracy for 32 gold pieces
 36215 | Snake:1  | Bought a potion of heal wounds for 80 gold pieces
 36220 | Snake:1  | Bought a potion of heal wounds for 85 gold pieces
 36220 | Snake:1  | Bought a potion of resistance for 170 gold pieces
 36220 | Snake:1  | Bought a wand of clouds (4) for 408 gold pieces
 36220 | Snake:1  | Bought a cursed ring of attention for 76 gold pieces
 36352 | Snake:1  | Found Uxaoclog's Food Shop.
 37195 | Snake:2  | Noticed Louise
 37210 | Snake:2  | Killed Louise
 37360 | Snake:2  | Noticed Vashnia
 37373 | Snake:2  | Reached skill level 16 in Fighting
 37384 | Snake:2  | HP: 1/231 [Vashnia/arrow (32)]
 37385 | Snake:2  | Shot with an arrow by a naga sharpshooter

Vault maps used:
D:1:      zelgadis_glass_arrival_small, minmay_tetromino_l2
D:2:      old_standard_altar, okawaru_ov_weapons_minmay, uniq_sigmund
D:3:      nicolae_overflow_hidden_temple, minmay_guardbox
D:4:      gammafunk_temple_overflow_arena, cheibriados_altar_1, first_ration,
          guppyfry_shop_venom
D:5:      nicolae_ashenzari_panopticon, serial_shops, kennysheep_mini
D:6:      lemuel_slime, lemuel_crystal_altar, elyvilon_altar_1,
          kennysheep_mini_moat, minmay_temple_entry_proselytizer, serial_undead,
          serial_undead_e, serial_undead_e, serial_undead_f, serial_undead_c,
          serial_shops, nicolae_shop_stone, chequers_serial_rivers_micro_b,
          uniq_duvessa
D:7:      nicolae_overflow_crystal_walls, kb_xom_exploding_sheep,
          kennysheep_path_1
D:8:      old_standard_altar, kennysheep_little_box, serial_shops,
          nicolae_shop_window_shopping, grunt_livestock, uniq_gastronok
D:10:     david_orc_2, hex_medium, wad_scary_box, uniq_urug
D:11:     lair_entry_dummy, portal_ice_cave_entry_pillars_1
D:12:     nicolae_trove_entry_crystal, hangedman_misty_isle
D:13:     david_vaults_4, serial_shops, bzr_entry_water, kennysheep_flooded_box,
          grunt_decor_fettered, uniq_maurice
D:14:     grunt_decor_mini_mirrors, uniq_snorg, uniq_roxanne, uniq_frances,
          uniq_nessos
D:15:     gammafunk_enter_depths_forms, basic_altar, hangedman_corner_corridor,
          uniq_agnes
Lair:1:   ebering_ghost_funeral_grove, minivault_25
Lair:2:   minmay_snake_entry_guardpost_small, basic_altar, serial_bayou_shore_b,
          minmay_lair_oklob_chamber, lemuel_fruit_fields,
          infiniplex_staircase_pool, grunt_megastairs_3
Lair:4:   swamp_mist_pool, chequers_serial_rivers_large_a, tgw_fedhas
Lair:5:   slime_altar_1, serial_forest, infiniplex_forest_clump_diagonal,
          infiniplex_forest_end_double, infiniplex_forest_corner_2,
          infiniplex_forest_lined_room_, columned_hall_lemuel
Lair:6:   wormcave, guppyfry_lair_end_dragon, gauntlet_entry_generic,
          minivault_24, chequers_serial_rivers_micro_a, lemuel_fruit_fields
Swamp:1:  evilmike_swamp_ruin_rubble_2, uniq_josephine
Swamp:2:  evilmike_swamp_ruin_house_2, swamp_pool3
Swamp:3:  hangedman_swamp_lotus
Swamp:4:  swamp_icy, swamp_pool4
Snake:1:  serial_shops, shop, hangedman_snake_sidewinding, minmay_shop_star
Snake:2:  st_stairs_4, evilmike_ambush, uniq_vashnia, uniq_saint_roka,
          uniq_louise
Orc:1:    basic_altar, elf_legates
Orc:2:    grunt_orc_community_town_hall, grunt_orc_community_big_house_1,
          grunt_orc_community_big_house_1, grunt_orc_community_house_2,
          grunt_orc_community_house_1, grunt_orc_community_house_1,
          grunt_orc_community_house_2, grunt_orc_community_house_2,
          grunt_orc_community_house_1, serial_shops, nicolae_shop_behind_doors,
          small_statue_alley_c, mines2_david, uniq_azrael
IceCv:    ice_cave_small_demon
Gauntlet: gammafunk_gauntlet_shortcut

Skill      XL: |  1  2  3  4  5  6  7  8  9 10 11 12 13 14 15 16 17 |
---------------+----------------------------------------------------+-----
Spellcasting   | 3 4 5 6 7 8 9 10 11 12 | 12.0
Transmutations | 3 4 5 7 9 |  9.0
Poison Magic   | 2 3 4 6 |  6.3
Fighting       | 2 3 5 7 8 9 10 12 13 14 16 | 16.0
Unarmed Combat | 4 5 7 8 9 11 12 14 15 | 15.0
Dodging        | 3 5 6 8 9 10 11 12 | 12.8
Ice Magic      | 3 |  3.0
Hexes          | 2 4 6 |  6.0
Evocations     | 3 |  3.3
Summonings     | 1 4 6 |  6.0
Air Magic      | 1 4 |  4.0

Action                   |  1- 3 |  4- 6 |  7- 9 | 10-12 | 13-15 | 16-18 || total
-------------------------+-------+-------+-------+-------+-------+-------++-------
Melee: Unarmed           |    48 |   158 |   428 |   872 |  1251 |   930 ||  3687
       Tentacles         |    12 |    25 |    65 |    70 |    63 |    48 ||   283
       Constrict         |    16 |    42 |    34 |    54 |    38 |    23 ||   207
       Punch             |     2 |     3 |     9 |    28 |    26 |    30 ||    98
       Kick              |       |       |     9 |     6 |       |       ||    15
 Cast: Sticks to Snakes  |     3 |     1 |     3 |    10 |     6 |     7 ||    30
       Spider Form       |       |     1 |     9 |    39 |    28 |       ||    77
       Beastly Appendage |       |       |     2 |     2 |       |       ||     4
       Poisonous Vapours |       |       |       |     4 |     4 |     4 ||    12
       Olgreb's Toxic Ra |       |       |       |     1 |    50 |     5 ||    56
       Mephitic Cloud    |       |       |       |     1 |    16 |     1 ||    18
       Blade Hands       |       |       |       |     1 |       |     2 ||     3
       Ice Form          |       |       |       |       |    44 |    35 ||    79
       Apportation       |       |       |       |       |     4 |       ||     4
       Confusing Touch   |       |       |       |       |     1 |       ||     1
       Summon Lightning  |       |       |       |       |       |     6 ||     6
       Summon Mana Viper |       |       |       |       |       |     2 ||     2
Invok: Potion Petition   |       |       |     1 |       |       |     4 ||     5
       Call Merchant     |       |       |       |       |     3 |       ||     3
Evoke: Wand              |       |       |       |     3 |     4 |    16 ||    23
       Phantom mirror    |       |       |       |     1 |       |       ||     1
  Use: Scroll            |       |     2 |     8 |    14 |    19 |     4 ||    47
       Potion            |       |       |     3 |     8 |     4 |     3 ||    18
 Stab: Sleeping          |     2 |    11 |     4 |    16 |    13 |     8 ||    54
       Distracted        |       |     1 |     5 |     8 |     9 |     8 ||    31
       Confused          |       |       |       |     2 |     6 |       ||     8
       Petrified         |       |       |       |       |     5 |       ||     5
       Petrifying        |       |       |       |       |     1 |       ||     1
       Invisible         |       |       |       |       |     2 |     7 ||     9
  Eat: Chunk             |       |     1 |       |       |       |       ||     1
       Ration            |       |     2 |     5 |    10 |    12 |     7 ||    36
Armor: Skin              |     1 |    28 |    96 |   156 |   240 |   213 ||   734
Dodge: Dodged            |    35 |    89 |   284 |   705 |  1200 |  1155 ||  3468
Block: Other             |       |       |       |    37 |    17 |       ||    54
       Reflection        |       |       |       |     1 |       |       ||     1

Table legend:
 A = Non-vault XP
 B = Vault XP
 C = Vault XP percentage of total XP
 D = Non-vault monster count
 E = Vault monster count
 F = Vault count percentage of total count
                 A         B        C        D         E       F
            +---------+---------+-------+---------+---------+-------
      Total |  146070 |   94988 |  39.4 |     648 |     334 |  34.0
            +---------+---------+-------+---------+---------+-------
        D:1 |      30 |       3 |   9.1 |      20 |       2 |   9.1
        D:2 |      33 |     114 |  77.6 |      18 |       1 |   5.3
        D:3 |      73 |      30 |  29.1 |      16 |      12 |  42.9
        D:4 |     407 |     476 |  53.9 |      21 |       5 |  19.2
        D:5 |     865 |       0 |   0.0 |      17 |       0 |   0.0
        D:6 |     618 |     458 |  42.6 |      12 |      22 |  64.7
        D:7 |     764 |       0 |   0.0 |      19 |       0 |   0.0
        D:8 |    2199 |    2999 |  57.7 |      39 |       6 |  13.3
        D:9 |    2914 |       0 |   0.0 |      31 |       0 |   0.0
       D:10 |    4460 |    4683 |  51.2 |      26 |      14 |  35.0
       D:11 |    2376 |       0 |   0.0 |      32 |       0 |   0.0
       D:12 |    6186 |     885 |  12.5 |      21 |       6 |  22.2
       D:13 |    6573 |    2327 |  26.1 |      32 |       4 |  11.1
       D:14 |    8677 |    4694 |  35.1 |      25 |       3 |  10.7
       D:15 |    6309 |    6225 |  49.7 |      16 |       9 |  36.0
     Lair:1 |    2028 |       0 |   0.0 |      12 |       0 |   0.0
     Lair:2 |    2233 |     608 |  21.4 |      10 |       4 |  28.6
     Lair:3 |    9798 |       0 |   0.0 |      31 |       0 |   0.0
     Lair:4 |    2080 |       0 |   0.0 |      12 |       0 |   0.0
     Lair:5 |    2929 |       0 |   0.0 |      15 |       0 |   0.0
     Lair:6 |   11390 |    9514 |  45.5 |      30 |      32 |  51.6
    Swamp:1 |   13936 |    1725 |  11.0 |      29 |       4 |  12.1
    Swamp:2 |    8952 |       0 |   0.0 |      26 |       0 |   0.0
    Swamp:3 |   12283 |       0 |   0.0 |      19 |       0 |   0.0
    Swamp:4 |    8604 |    9235 |  51.8 |      23 |      30 |  56.6
    Snake:1 |   23414 |   16318 |  41.1 |      49 |      27 |  35.5
    Snake:2 |    2340 |    8472 |  78.4 |       8 |      16 |  66.7
      Orc:1 |    2653 |    7682 |  74.3 |      16 |      14 |  46.7
      Orc:2 |     946 |   10362 |  91.6 |      23 |      81 |  77.9
      IceCv |       0 |    4190 | 100.0 |       0 |      28 | 100.0
   Gauntlet |       0 |    3988 | 100.0 |       0 |      14 | 100.0
            +---------+---------+-------+---------+---------+-------
